 Dungeon Crawl Stone Soup version 0.29-a0-284-gf9362112df (webtiles) character file.

Game seed: 15961910304808450393

45 NinjaNoafa the Skirmisher (level 3, -1/24 HPs)
             Began as a Gargoyle Berserker on Mar 28, 2022.
             Was a Believer of Trog.
             Slain by a gnoll
             ... wielding a +0 halberd
              (7 damage)
             ... on level 2 of the Dungeon.
             The game lasted 00:04:45 (759 turns).

NinjaNoafa the Skirmisher (Gargoyle Berserker)       Turns: 759, Time: 00:04:45

Health: -1/24      AC: 14    Str: 20    XL:     3   Next: 64%
Magic:  3/3        EV:  6    Int:  7    God:    Trog [**....]
Gold:   67         SH:  0    Dex: 11    Spells: 2/2 levels left

rFire   . . .      SeeInvis .   a - +0 mace
rCold   . . .      Faith    .   (no shield)
rNeg    + . .      Spirit   .   c - +0 plate armour
rPois   ∞          Reflect  .   (no helmet)
rElec   +          Harm     .   (no cloak)
rCorr   .          Rampage  .   (no gloves)
Will    .....                   (no boots)
Stlth   ..........              (no amulet)
HPRegen 0.08/turn               (no ring)
MPRegen 0.08/turn               (no ring)

@: no status effects
A: sickness immunity, AC +3, negative energy resistance 1, electricity
resistance, torment resistance 1, petrification resistance
a: Renounce Religion, Berserk, Trog's Hand


You were on level 2 of the Dungeon.
You worshipped Trog.
Trog was pleased with you.
You visited 1 branch of the dungeon, and saw 2 of its levels.

You collected 67 gold pieces.

Inventory:

Hand Weapons
 a - a +0 mace (weapon)
Missiles
 d - 3 poisoned darts (quivered)
Armour
 c - a +0 plate armour (worn)
Potions
 f - 3 potions of curing {unknown}
 h - a potion of invisibility {unknown}


   Skills:
 + Level 3.9 Fighting
 + Level 3.8 Maces & Flails
 + Level 2.5 Armour
 + Level 1.7 Dodging


You had 2 spell levels left.
You didn't know any spells.
Your spell library was empty.

Dungeon Overview and Level Annotations

Branches:
Dungeon (2/15)

Altars:


Innate Abilities, Weirdness & Mutations

You are immune to sickness and miasma.
Your stone body is resilient. (AC +3)
You are immune to poison.
You resist negative energy. (rN+)
You are resistant to electric shocks. (rElec)
You are resistant to unholy torment.
You are immune to petrification.


Message History

The gnoll hits you but does no damage.
You rip the net and break free!
The gnoll hits you from afar with a +0 halberd!
* * * LOW HITPOINT WARNING * * *
As you read the scroll labelled FANEDGHOANKY, it crumbles to dust.
You assume a fearsome visage.
The gnoll looks frightened! x2
It was a scroll of fear.
d - 2 poisoned darts (gained 1)
There are no items here.
d - 3 poisoned darts (gained 1)
There are no items here.
d - 4 poisoned darts (gained 1)
There are no items here.
There are no items here.
Found 12 gold pieces.
You now have 67 gold pieces (gained 9).
The gnoll throws a throwing net.
The throwing net hits you.
You become entangled in the net!
You see here a throwing net.
You struggle against the net.
You struggle against the net.
You shred the net and break free!
As you read the scroll labelled NINIUG ATH, it crumbles to dust.
It is a scroll of identify.
b - a scroll of immolation The gnoll hits you but does no damage.
As you read the scroll of immolation, it crumbles to dust.
The creatures around you are filled with an inner flame!
The gnoll barely misses you.
You are too injured to fight recklessly!
Throw: 4 darts (poison)
Press: ? - help, Q - select action, (/) - cycle Shift-Dir - straight line, f - gnoll
Aim: a gnoll, wielding a +0 halberd (inner flame, 60% to hit)
You throw a poisoned dart. The poisoned dart hits the gnoll.
The gnoll is poisoned.
Flame seeps out of the gnoll.
The gnoll is engulfed in blazing flames.
Flame seeps out of the gnoll.
The gnoll hits you from afar with a +0 halberd!
You die...

#....... ...#### .$#
#.....#####.....# #...
#...........###.# ##.#.
###.............#.###....
.........##.....#)##.....
...#.##...#........#.....
# # ##........[..).....
#.#g.........<....
#@..#)†...........
#..##.............
#..$..............
#.................
.............#.....
.#.#..>............
...................
...................
..................


You could see a gnoll (inner flame, poisoned).

Vanquished Creatures
  A gnoll (D:2)
  An adder (D:2)
  2 endoplasms (D:1)
  3 giant cockroaches
  4 goblins
  A hobgoblin (D:1)
  3 jackals (D:1)
  2 kobolds
  3 ball pythons (D:1)
  3 bats (D:1)
  2 frilled lizards (D:1)
25 creatures vanquished.

Notes
Turn   | Place    | Note
-------+----------+-------------------------------------------
     0 | D:1      | NinjaNoafa the Gargoyle Berserker began the quest for the
                  | Orb.
     0 | D:1      | Reached XP level 1. HP: 14/14 MP: 1/1
   236 | D:1      | Reached XP level 2. HP: 19/19 MP: 2/2
   497 | D:1      | Reached ** piety under Trog
   666 | D:2      | Reached XP level 3. HP: 21/24 MP: 3/3
   759 | D:2      | Slain by a gnoll

Illustrated notes

Levels and vault maps discovered:
D:1:      ncdulo_lavacross, layout_basic
D:2:      layout_rooms, kennysheep_generic_room_9

Action                   || total
-------------------------++-------
Melee: Mace              ||    60
Throw: Dart              ||     5
  Use: Scroll            ||     4
Armor: Plate armour      ||    78
Dodge: Dodged            ||    31

Table legend: (Time is in decaauts)
 A = Elapsed time spent in this place.
 B = Non-inter-level travel time spent in this place.
 C = Inter-level travel time spent in this place.
 D = Time resting spent in this place.
 E = Time spent auto-exploring this place.
 F = Levels seen in this place.
 G = Mean time per level.
                   A        B        C        D        E       F      G
               +--------+--------+--------+--------+--------+-----+--------+
         Total |    772 |    772 |      0 |    142 |      0 |   2 |  386.0 |
       Dungeon |    772 |    772 |      0 |    142 |      0 |   2 |  386.0 |
               +--------+--------+--------+--------+--------+-----+--------+

Top non-repeatable levels by time:
     D:1: 631 daAuts
     D:2: 141 daAuts
